 Dungeon Crawl Stone Soup version 0.31.0-32-g396128a36d (webtiles) character file.

Game seed: 5035977607654414891

60 PaiMei the Grave Robber (level 3, 0/25 HPs)
             Began as a Demonspawn Necromancer on Apr 17, 2024.
             Slain by an ufetubus (4 damage)
             ... on level 2 of the Dungeon.
             The game lasted 00:02:01 (1371 turns).

PaiMei the Grave Robber (Demonspawn Necromancer)    Turns: 1371, Time: 00:02:02

Health: 0/25       AC: 11    Str:  8    XL:     3   Next: 80%
Magic:  6/6        EV: 12    Int: 17    God:
Gold:   136        SH:  0    Dex: 13    Spells: 3/7 levels left

rFire   . . .        p - +1 dagger (elec)
rCold   . . .        (no shield)
rNeg    . . .        a - +0 robe
rPois   .            (no helmet)
rElec   .            (no cloak)
rCorr   .            o - +2 pair of gloves
SInv    .            (no boots)
Will    .....        (no amulet)
Stlth   ++           (no ring)
HPRegen 0.24/turn    (no ring)
MPRegen 0.10/turn

%: no passive effects
@: sanguine armoured
A: sanguine armour 1, demonic touch 1
a: no special abilities


You were on level 2 of the Dungeon.
You visited 1 branch of the dungeon, and saw 3 of its levels.

You collected 136 gold pieces.

Inventory:

Hand Weapons
 k - a +0 short sword
 p - a +1 dagger of electrocution (weapon)
Missiles
 h - 2 poisoned darts (quivered)
Armour
 a - a +0 robe (worn)
 m - a +0 kite shield
 o - a +2 pair of gloves (worn)
Scrolls
 c - a scroll of enchant weapon {unknown}
 d - a scroll of fear {unknown}
 e - a scroll of immolation {unknown}
 g - 2 scrolls of identify {unknown}
 j - a scroll of silence {unknown}
 l - a scroll of brand weapon {unknown}
 n - a scroll of enchant armour {unknown}
Potions
 b - a potion of magic
 f - a potion of ambrosia {unknown}
 i - a potion of mutation {unknown}


   Skills:
 + Level 0.3 Fighting
 + Level 2.4 Dodging
 - Level 2.3 Stealth
 + Level 2.6 Spellcasting
 + Level 4.8 Necromancy


You had 3 spell levels left.
You knew the following spells:

 Your Spells              Type           Power      Damage    Failure   Level
a - Necrotise             Necr           72%        1d7       2%          1
b - Vampiric Draining     Necr           18%        2d7       8%          3

Your spell library contained the following spells:

 Spells                   Type           Power      Damage    Failure   Level
 Slow                     Hex            8%         N/A       19%         1
 Confusing Touch          Hex            2%         N/A       50%         3
 Sigil of Binding         Hex            2%         N/A       50%         3
 Stone Arrow              Conj/Erth      4%         3d7       50%         3
 Animate Dead             Necr           18%        N/A       24%         4
 Curse of Agony           Necr           18%        N/A       56%         5
 Animate Armour           Summ/Erth      4%         N/A       88%         4
 Lehudib's Crystal Spear  Conj/Erth      1%         10d2      100%        8


Dungeon Overview and Level Annotations

Branches:
Dungeon (3/15)

Altars:


Innate Abilities, Weirdness & Mutations

When seriously injured, your blood forms armour. (AC +6)
Your touch may inflict minor irresistible damage on your foes.


Message History

You barely miss the ufetubus.
The ufetubus hits you but does no damage. x3
The ufetubus hits you. The ufetubus hits you. The ufetubus misses you.
The ufetubus hits you but does no damage.
The ufetubus completely misses you. The ufetubus barely misses you.
The ufetubus hits you but does no damage.
The ufetubus hits you. x2; Your blood congeals into armour.
You climb upwards.
There is a stone staircase leading down here.
You barely miss the ufetubus. Your touch misses the ufetubus.
Your blood armour dries and flakes away.
The ufetubus closely misses you. The ufetubus hits you.
Your blood congeals into armour.
The ufetubus slips past you! The ufetubus closely misses you. x2
You hit the ufetubus but do no damage. The ufetubus slips past you!
The ufetubus hits you but does no damage.
The ufetubus misses you.
The ufetubus hits you but does no damage. x3
The ufetubus hits you. The ufetubus closely misses you. x2
You barely miss the ufetubus. The ufetubus hits you.
The ufetubus hits you but does no damage.
The ufetubus barely misses you. The ufetubus hits you.
* * * LOW HITPOINT WARNING * * *
You miss the ufetubus. The ufetubus completely misses you.
The ufetubus hits you but does no damage.
The ufetubus barely misses you.
The ufetubus hits you but does no damage.
The ufetubus hits you.
* * * LOW HITPOINT WARNING * * *
The ufetubus closely misses you.
The ufetubus hits you but does no damage. x2
You hit the ufetubus but do no damage.
The ufetubus hits you but does no damage.
The ufetubus barely misses you. x2
The ufetubus hits you but does no damage.
You hit the ufetubus. Your touch misses the ufetubus.
The ufetubus is moderately wounded.
The ufetubus hits you.
You die...

.....##.#.........#..#
........#.........#..#
..#####..#...........#
......#..##.....###..###
...............####....####
##.....#.#............[...#
####..#..................#
#####...........55>.......#
................@.........#
######....................##
#.#...................#
##.....................#
#......................#
#......................#
#..............#.......#
#....###########.......#
#....# #.......#


You could see 2 ufetubi.

Vanquished Creatures
  4 gnolls (D:2)
  2 dart slugs
  An endoplasm (D:1)
  3 giant cockroaches
  3 hobgoblins
  A quokka (D:2)
  A ball python (D:2)
  A frilled lizard (D:1)
  A kobold (D:2)
  A rat (D:1)
18 creatures vanquished.

Notes
Turn   | Place    | Note
-------+----------+-------------------------------------------
     0 | D:1      | PaiMei the Demonspawn Necromancer began the quest for the
                  | Orb.
     0 | D:1      | Reached XP level 1. HP: 13/13 MP: 3/3
   433 | D:1      | Gained mutation: Your touch may inflict minor irresistible
                  | damage on your foes. [demonic ancestry]
   433 | D:1      | Reached XP level 2. HP: 12/19 MP: 0/5
   895 | D:2      | Gained mutation: When seriously injured, your blood forms
                  | armour. (AC +6) [demonic ancestry]
   895 | D:2      | Reached XP level 3. HP: 24/24 MP: 2/6
   899 | D:2      | Learned a level 3 spell: Vampiric Draining
  1371 | D:2      | Slain by an ufetubus

Illustrated notes

Levels and vault maps discovered:
D:1:      sevenhm_arrival_forest_fort_large_2, layout_rooms
D:2:      layout_rooms, nicolae_the_louvre
D:3:      layout_rooms, minmay_close_crescents

Skill      XL: |  1 |
---------------+----+-----
Stealth        | 2 |  2.3
Dodging        | 2 |  2.4
Fighting       | |  0.3
Spellcasting   | |  2.6
Necromancy     | |  4.8

Action                     || total
---------------------------++-------
  Melee: Unarmed           ||     5
         Dagger            ||     9
         Short sword       ||     5
   Cast: Necrotise         ||    39
 Armour: Robe              ||    38
  Dodge: Dodged            ||    29
